 Dungeon Sprint DCSS version 0.30.1-9-gdf580d7c3d (webtiles) character file.

Game seed: 2050212917493360142

220 Heoruswealwe the Spear-Bearer (level 5, -2/53 HPs)
             Began as a Minotaur Fighter on Oct 19, 2023.
             Was an Initiate of Gozag.
             Slain by a vampire (6 damage)
             ... in the Dungeon (Sprint IX: "|||||||||||||||||||||||||||||").
             The game lasted 00:00:46 (99 turns).

Heoruswealwe the Spear-Bearer (Minotaur Fighter)      Turns: 99, Time: 00:00:46

Health: -2/53      AC:  8    Str: 22    XL:     5   Next: 64%
Magic:  4/4        EV:  9    Int:  5    God:    Gozag
Gold:   0          SH:  4    Dex: 10    Spells: 4/4 levels left

rFire   . . .        a - +0 trident
rCold   . . .        d - +0 buckler
rNeg    . . .        c - +0 scale mail
rPois   .            (helmet restricted)
rElec   .            (no cloak)
rCorr   .            (no gloves)
SInv    .            (no boots)
Will    .....        (no amulet) Stlth
                     (no ring)
HPRegen 0.28/turn    (no ring)
MPRegen 0.09/turn

%: no teleportation
@: no status effects
A: horns 2, retaliatory headbutt
a: Renounce Religion, Potion Petition, Call Merchant, Bribe Branch


You were in the Dungeon.
You worshipped Gozag.
Gozag was noncommittal.
You visited 1 branch

Inventory:

Hand Weapons
 a - a +0 trident (weapon)
Armour
 c - a +0 scale mail (worn)
 d - a +0 buckler (worn)
Jewellery
 k - a +2 ring of protection
 l - a +2 ring of evasion
Wands
 h - a wand of acid (10)
Scrolls
 j - 2 scrolls of blinking
Potions
 b - a potion of might
 e - 5 potions of curing
 f - 3 potions of heal wounds
 g - a potion of haste
 i - a potion of berserk rage


   Skills:
 + Level 7.9 Fighting
 * Level 10.2 Polearms
 + Level 7.9 Armour
 - Level 3.6 Shields


You had 4 spell levels left.
You didn't know any spells.
Your spell library was empty.

Dungeon Overview and Level Annotations

Branches:
Dungeon (1/1)

Altars:
Cheibriados
Dithmenos
Elyvilon
Fedhas
Gozag
Hepliaklqana
Kikubaaqudgha
Makhleb
Nemelex Xobeh
Okawaru
Qazlal
Ru
Sif Muna
Trog
Uskayaw
Vehumet
Wu Jian
Xom
Yredelemnul
Zin
The Shining One
Jiyva
Lugonu


Innate Abilities, Weirdness & Mutations

You have a pair of horns on your head.
You reflexively headbutt those who attack you in melee.


Message History

The killer bee buzzes angrily.
The orc warrior shouts!
You closely miss the vampire. Your headbutt misses the vampire.
The vampire hits you! The vampire barely misses you.
You puncture the vampire!
You headbutt the vampire, but do no damage.
The vampire is moderately damaged.
You block the vampire's attack. The vampire bites you.
The vampire draws strength from your injuries!
You hit the vampire. Your headbutt misses the vampire.
The vampire is moderately damaged.
The vampire barely misses you. The vampire closely misses you.
You hit the vampire but do no damage.
The vampire is moderately damaged.
The vampire draws life force from you!
* * * LOW HITPOINT WARNING * * *
The vampire is healed by the life force!
You closely miss the vampire.
You headbutt the vampire, but do no damage.
The vampire is lightly damaged.
The vampire hits you.
* * * LOW HITPOINT WARNING * * *
The vampire barely misses you.
You hit the vampire but do no damage.
The vampire is lightly damaged.
You barely miss the vampire.
The vampire is lightly damaged.
The vampire barely misses you. You furiously retaliate!
You headbutt the vampire! The vampire bites you!
* * * LOW HITPOINT WARNING * * *
The vampire draws strength from your injuries!
You puncture the vampire! Your headbutt misses the vampire.
The vampire is heavily damaged.
The vampire hits you but does no damage.
You block the vampire's attack.
You puncture the vampire!
The vampire is almost destroyed.
The vampire hits you but does no damage.
The vampire bites you.
You die...
Your body crumbles into a pile of gold. $$$$$ $ $ $ $$$$$ $$$$$$ $ $ $ ▓▓▓▓▓▓▓▓▓▓▓▓▓▓▓▓▓▓▓▓▓▓▓▓ .oyoOOV@.[[[.)?!'_______ ▓▓▓▓▓▓▓▓▓▓▓▓▓▓▓▓▓▓▓▓▓▓▓▓

You could see 2 two-headed ogres, a vampire, 2 orc warriors and a killer bee.

Vanquished Creatures
  An ogre (D)
  A scorpion (D)
  A howler monkey (D)
  A jelly (D)
  A white imp (D)
  A ball python (D)
  A giant cockroach (D)
  A hobgoblin (D)
  A quokka (D)
  A rat (D)
10 creatures vanquished.

Notes
Turn   | Place    | Note
-------+----------+-------------------------------------------
     0 | D        | Heoruswealwe the Minotaur Fighter began the quest for the
                  | Orb.
     0 | D        | Reached XP level 1. HP: 19/19 MP: 0/0
     9 | D        | Reached skill level 3 in Polearms
    27 | D        | Noticed an ogre
    27 | D        | Noticed a jelly
    27 | D        | Noticed a scorpion
    27 | D        | Noticed a howler monkey
    30 | D        | Killed a howler monkey
    31 | D        | Reached skill level 5 in Fighting
    31 | D        | Reached skill level 6 in Polearms
    31 | D        | Reached skill level 5 in Armour
    31 | D        | Reached XP level 2. HP: 24/29 MP: 1/1
    31 | D        | Reached XP level 3. HP: 30/36 MP: 2/2
    35 | D        | Killed a scorpion
    36 | D        | Reached skill level 7 in Polearms
    36 | D        | Reached XP level 4. HP: 38/45 MP: 3/3
    38 | D        | Reached skill level 8 in Polearms
    42 | D        | Killed an ogre
    43 | D        | Reached skill level 10 in Polearms
    43 | D        | Reached XP level 5. HP: 20/53 MP: 4/4
    47 | D        | Found a snail-covered altar of Cheibriados.
    47 | D        | Found a shadowy altar of Dithmenos.
    47 | D        | Found a white marble altar of Elyvilon.
    47 | D        | Found a blossoming altar of Fedhas.
    47 | D        | Found an opulent altar of Gozag.
    48 | D        | Found a hazy altar of Hepliaklqana.
    49 | D        | Found a viscous altar of Jiyva.
    50 | D        | Found an ancient bone altar of Kikubaaqudgha.
    51 | D        | Found a corrupted altar of Lugonu.
    52 | D        | Found a burning altar of Makhleb.
    53 | D        | Found a sparkling altar of Nemelex Xobeh.
    54 | D        | Found an iron altar of Okawaru.
    55 | D        | Became a worshipper of Gozag Ym Sagoz the Greedy
    56 | D        | Found a stormy altar of Qazlal.
    57 | D        | Found a sacrificial altar of Ru.
    58 | D        | Found a shimmering blue altar of Sif Muna.
    59 | D        | Found a bloodstained altar of Trog.
    60 | D        | Found a hide-covered altar of Uskayaw.
    61 | D        | Found a radiant altar of Vehumet.
    62 | D        | Found an ornate altar of the Wu Jian Council.
    63 | D        | Found a shimmering altar of Xom.
    64 | D        | Found a basalt altar of Yredelemnul.
    65 | D        | Found a glowing silver altar of Zin.
    66 | D        | Found a glowing golden altar of the Shining One.
    90 | D        | Noticed an orc warrior
    90 | D        | Noticed a two-headed ogre
    90 | D        | Noticed a two-headed ogre
    90 | D        | Noticed an orc warrior
    90 | D        | Noticed a vampire
    99 | D        | Slain by a vampire

Illustrated notes

Levels and vault maps discovered:
D:        linesprint [early_d, line_temple, items_1, d_10, items_2, lair_1,
          lair_end, items_3, orc_1, orc_end, items_4, d_15, swamp_1, shoals_1,
          snake_1, spider_1, d_20, vaults_1, items_5, swamp_end, shoals_end,
          snake_end, spider_end, vaults_end, d_27, items_6, zot_1, zot_end,
          crypt_end, forest_end, elf_end, slime_end, tomb_end, abyss_end,
          pan_hell_end]

Skill      XL: |  1  2  3  4 |
---------------+-------------+-----
Polearms       | 6 7 10 | 10.2
Fighting       | 5 6 7 |  7.9
Armour         | 5 6 7 |  7.9
Shields        | |  3.6

Action                     |  1- 3 |  4- 6 || total
---------------------------+-------+-------++-------
  Melee: Trident           |    20 |    14 ||    34
         Headbutt          |     2 |     4 ||     6
 Armour: Scale mail        |    11 |     4 ||    15
  Dodge: Dodged            |     9 |     6 ||    15
  Block: Buckler           |     2 |     2 ||     4
